 Dungeon Crawl Stone Soup version 0.30.1-3-gfc49f6343a (webtiles) character file.

Game seed: 14921243388318629114

3269 monsoonserge the Thaumaturge (level 10, 0/56 (61) HPs)
             Began as a Djinni Fire Elementalist on Aug 7, 2023.
             Was an Initiate of Ru.
             Slain by an orc warrior
             ... wielding a +0 war axe
              (13 damage)
             ... in a bailey.
             The game lasted 00:23:19 (6877 turns).

monsoonserge the Thaumaturge (DjFE)                 Turns: 6877, Time: 00:23:19

HP:   0/56 (61)     AC:  6    Str:  7    XL:     10   Next: 19%
Gold: 393           EV: 10    Int: 21    God:    Ru [......] SH:  0 Dex: 14

rFire   + + .        A - staff of conjuration
rCold   x . .        (no shield)
rNeg    . . .        i - +0 ring mail
rPois   ∞            (no helmet)
rElec   .            (no cloak)
rCorr   +            (no gloves)
SInv    .            (boots unavailable)
Will    +....        (no amulet)
Stlth   +            f - ring of resist corrosion
HPRegen 0.29/turn    (no ring)
MPRegen 0.00/turn

%: infuse magic (-1 HP)
@: flying, drained
A: sickness immunity, fire resistance 2, cold vulnerability 1, float, innate
caster, HP casting, extra vitality 1
a: Renounce Religion


You were in a bailey.
You worshipped Ru.
Ru was noncommittal.
You visited 2 branches of the dungeon, and saw 8 of its levels.
You also visited: Bailey.

You collected 491 gold pieces.
You spent 98 gold pieces at shops.

Inventory:

Hand Weapons
 c - a +1 sling of flaming
 w - a +0 short sword
 I - a +4 falchion of freezing
Missiles
 a - 6 boomerangs
 b - 15 poisoned darts
 m - 6 javelins
Armour
 i - a +0 ring mail (worn)
 o - a +0 leather armour
 F - a +0 chain mail
Magical Staves
 A - a staff of conjuration (weapon)
Jewellery
 f - a ring of resist corrosion (left hand)
 j - an amulet of faith
 s - a ring of ice
 C - a +6 ring of dexterity
Wands
 y - a wand of iceblast (7)
 D - a wand of charming (18)
Scrolls
 d - 2 scrolls of immolation {unknown}
 e - 6 scrolls of teleportation
 h - 6 scrolls of identify {unknown}
 k - a scroll of enchant weapon {unknown}
 l - a scroll of amnesia {unknown}
 n - a scroll of vulnerability {unknown}
 p - 3 scrolls of enchant armour {unknown}
 r - 2 scrolls of noise {unknown}
 E - 2 scrolls of fear
Potions
 g - 3 potions of lignification {unknown}
 q - 2 potions of curing {unknown}
 t - 3 potions of brilliance {unknown}
 u - 2 potions of attraction {unknown}
 v - a potion of magic {unknown}
 x - a potion of flight {unknown}
 z - 2 potions of might {unknown}
 B - a potion of heal wounds {unknown}
 G - a potion of ambrosia {unknown}
 H - a potion of mutation {unknown}


   Skills:
 + Level 0.8 Fighting
 + Level 2.0 Ranged Weapons
 * Level 4.5 Armour
 + Level 2.7 Dodging
 - Level 2.0 Stealth
 * Level 9.9 Spellcasting


You knew the following spells:

 Your Spells              Type           Power      Damage    Failure   Level
a - Foxfire               Conj/Fire      100%       2x1d9     1%          1
b - Scorch                Fire           100%       2d9       1%          2
c - Volatile Blastmotes   Fire/Tloc      100%       2d18      1%          3
d - Inner Flame           Hex/Fire       51%        N/A       1%          3
e - Flame Wave            Conj/Fire      67%        2d15      3%          4
f - Kiss of Death         Conj/Necr      100%       2d13      1%          1
g - Ensorcelled Hibernat  Hex/Ice        100%       N/A       1%          2
h - Frozen Ramparts       Ice            100%       1d16      1%          3
i - Dazzling Flash        Conj/Hex       100%       N/A       1%          3
Your spell library was empty.

Dungeon Overview and Level Annotations

Branches:
Dungeon (7/15)             Temple (1/1) D:5          Bailey (1/1)

Altars:
Ashenzari
Dithmenos
Fedhas
Gozag
Hepliaklqana
Makhleb
Nemelex Xobeh
Okawaru
Qazlal
Ru
Trog
Uskayaw
Wu Jian
Xom
Yredelemnul

Shops:
D:5 ?


Innate Abilities, Weirdness & Mutations

You are immune to sickness and miasma.
You are immune to poison.
Your flesh is very heat resistant. (rF++)
You are vulnerable to cold. (rC-)
You float through the air rather than walking.
You learn spells naturally, not from books.
Your magical power is your life essence.
You have superior vitality. (+4 MHP)


Message History

Okay, then.
Aiming: Charm
Press: ? - help, Shift-Dir - straight line, f - orc warrior
Aim: an orc warrior, wielding a +0 war axe and wearing a +0 chain mail (unusually resistant, chance to affect: 49%)
Okay, then.
Press: ? - help, v - describe, . - travel
Here: an orc warrior, wielding a +0 war axe and wearing a +0 chain mail (unusually resistant)
The floor.
Casting: Volatile Blastmotes (safe; 1% risk of failure)
Confirm with . or Enter, or press ? or * to list all spells.
Okay, then.
Casting: Volatile Blastmotes (safe; 1% risk of failure)
Confirm with . or Enter, or press ? or * to list all spells.
You feel a surge of power!
You conjure some foxfire!
* * * LOW HITPOINT WARNING * * *
Casting: Foxfire (safe; 1% risk of failure)
Confirm with . or Enter, or press ? or * to list all spells.
You feel a surge of power!
You conjure some foxfire!
* * * LOW HITPOINT WARNING * * *
The foxfire hits the orc warrior but does no damage.
The foxfire hits the orc warrior.
The orc warrior completely resists.
Unknown command.
Casting: Foxfire (safe; 1% risk of failure)
Confirm with . or Enter, or press ? or * to list all spells.
Okay, then.
Casting: Foxfire (safe; 1% risk of failure)
Confirm with . or Enter, or press ? or * to list all spells.
Casting: Dazzling Flash (safe; 1% risk of failure)
Press: ? - help, Dir - look around, f - activate Look: an orc warrior, wielding a +0 war axe and wearing a +0 chain mail (unusually resistant, ally target, chance to dazzle: 79%)
You feel a surge of power!
The orc warrior is dazzled.
* * * LOW HITPOINT WARNING * * *
The foxfire hits the orc warrior.
The orc warrior resists.
The orc warrior is lightly wounded.
The orc warrior hits you but does no damage.
The orc warrior is no longer blind.
There is an open gate here.
The orc warrior attacks as you move away!
The orc warrior hits you with a +0 war axe!
You die...

#.......'.........'.
##.....##.........##
#######....)⌠.....#
##....)....##
#....))...#
##.......##
#.......# ##.o...##
♣##@''##♣♣
♣........♣
♣♣♣.......♣♣
♣.....∩....♣♣
♣...........♣
♣♣....∩.....♣
♣...........♣
♣♣.......♣♣♣♣
♣♣♣♣♣...♣


You could see an orc warrior (resistant).

Vanquished Creatures
  Pikel (D:6)
  A hornet (D:6)
  2 black bears (D:6)
  4 orc warriors (Bailey)
  4 ogres
  2 sky beasts
  2 ice beasts
  A centaur (D:7)
  A lemure (D:6)
  A phantom (D:5)
  A kobold brigand (D:6)
  3 bullfrogs
  4 wights (D:6)
  6 hounds
  A jelly (D:7)
  2 orc priests (D:5)
  A sleepcap (D:7)
  Ijyb (D:4)
  Terence (D:3)
  4 iguanas
  An orc wizard (D:5)
  13 adders
  11 gnolls
  2 dart slugs (D:3)
  7 orcs
  7 endoplasms
  4 giant cockroaches
  16 hobgoblins
  3 jackals (D:2)
  5 kobolds
  2 quokkas
  5 ball pythons
  3 bats
  2 frilled lizards
  7 goblins
  4 rats
135 creatures vanquished.

Vanquished Creatures (others)
  131 foxfires
131 creatures vanquished.

Grand Total: 266 creatures vanquished

Notes
Turn   | Place    | Note
-------+----------+-------------------------------------------
     0 | D:1      | monsoonserge the Djinni Fire Elementalist began the quest
                  | for the Orb.
     0 | D:1      | monsoonserge set off with the following spells memorised:
                  | Foxfire, Scorch, Volatile Blastmotes, Inner Flame, Flame
                  | Wave.
     0 | D:1      | Reached XP level 1. HP: 15/15 MP: 0/0
   279 | D:1      | Found a faded altar of an unknown god.
   490 | D:1      | Reached XP level 2. HP: 21/21 MP: 0/0
  1159 | D:2      | Reached skill level 3 in Spellcasting
  1159 | D:2      | Reached XP level 3. HP: 18/25 MP: 0/0
  1159 | D:2      | Learned a level 1 spell: Kiss of Death
  1337 | D:2      | Reached XP level 4. HP: 29/31 MP: 0/0
  1338 | D:2      | Reached skill level 1 in Ranged Weapons
  1689 | D:3      | Reached skill level 1 in Armour
  1689 | D:3      | Reached XP level 5. HP: 34/36 MP: 0/0
  1689 | D:3      | Learned a level 2 spell: Ensorcelled Hibernation
  1705 | D:3      | Noticed Terence
  1711 | D:3      | Killed Terence
  1959 | D:3      | Found a sparkling altar of Nemelex Xobeh.
  2093 | D:3      | Found a hide-covered altar of Uskayaw.
  2560 | D:4      | Noticed an ogre
  2569 | D:4      | Killed an ogre
  2570 | D:4      | Reached skill level 4 in Spellcasting
  2570 | D:4      | Reached XP level 6. HP: 26/41 MP: 0/0
  2904 | D:4      | Noticed Ijyb
  2910 | D:4      | Killed Ijyb
  2952 | D:4      | Noticed an ogre
  2959 | D:4      | Killed an ogre
  2960 | D:4      | Reached XP level 7. HP: 39/46 MP: 0/0
  2960 | D:4      | Learned a level 3 spell: Frozen Ramparts
  3213 | D:4      | Reached skill level 5 in Spellcasting
  4005 | D:5      | Entered Level 5 of the Dungeon
  4094 | D:5      | Reached XP level 8. HP: 44/51 MP: 0/0
  4177 | D:5      | Reached skill level 6 in Spellcasting
  4492 | D:5      | Found Wuihu's Magic Scroll Shop.
  4502 | D:5      | Bought a scroll of fear for 56 gold pieces
  4502 | D:5      | Bought a scroll of teleportation for 42 gold pieces
  4586 | D:5      | Found a staircase to the Ecumenical Temple.
  4596 | Temple   | Entered the Ecumenical Temple
  4834 | D:5      | Found a sacrificial altar of Ru.
  4834 | D:5      | Found an opulent altar of Gozag.
  4838 | D:5      | Became a worshipper of Ru the Awakened
  5109 | D:6      | Reached skill level 7 in Spellcasting
  5141 | D:6      | Found a broken altar of Ashenzari.
  5308 | D:6      | Found a basalt altar of Yredelemnul.
  5359 | D:6      | Noticed Pikel
  5362 | D:6      | Reached XP level 9. HP: 49/56 MP: 0/0
  5362 | D:6      | Learned a level 3 spell: Dazzling Flash
  5367 | D:6      | Killed Pikel
  5368 | D:6      | Reached skill level 8 in Spellcasting
  6137 | D:7      | Noticed a hornet
  6143 | D:6      | Killed a hornet
  6144 | D:6      | Reached skill level 9 in Spellcasting
  6459 | D:7      | Found an ornate altar of the Wu Jian Council.
  6500 | D:7      | Reached XP level 10. HP: 57/61 MP: 0/0
  6623 | D:7      | Found a flagged portal.
  6673 | Bailey   | Entered a bailey
  6877 | Bailey   | Slain by an orc warrior

Illustrated notes

Levels and vault maps discovered:
D:1:      roderic_crop_circles_arrival_small, layout_basic,
          ebering_ecumenical_altar_sacrificial
D:2:      layout_rooms, nicolae_figureground_sparkle
D:3:      layout_loops_ring, nemelex_xobeh_ov_fountains_minmay,
          mainiacjoe_overflow_concentric_impassable, corexii_corridor_pit,
          minmay_fractal_squares_gapless_5, uniq_terence
D:4:      layout_loops_corners, st_stairs_9, dreamdust_gnoll_farm, uniq_ijyb
D:5:      layout_rooms, gammafunk_temple_overflow_wave,
          minmay_temple_entry_gardened_gates, serial_shops, shop,
          roderic_lattice_a
D:6:      layout_loops_corners, nicolae_overflow_crystal_walls,
          mainiacjoe_overflow_cross_hatched, palyth_stone_intersect, uniq_pikel
D:7:      layout_loops_ring, dreamdust_divine_triumvirate, minitemple,
          serial_shops, kennysheep_little_box, enter_bailey_2
Temple:   hellmonk_temple_forest_ring
Bailey:   bailey_axe_minmay_hex_keep, bailey

Skill      XL: |  1  2  3  4  5  6  7  8  9 |
---------------+----------------------------+-----
Spellcasting   | 3 4 5 7 9 |  9.9
Ranged Weapons | 1 2 |  2.0
Stealth        | 2 |  2.0
Armour         | 1 2 3 4 |  4.5
Fighting       | |  0.8
Dodging        | |  2.7

Action                     |  1- 3 |  4- 6 |  7- 9 | 10-12 || total
---------------------------+-------+-------+-------+-------++-------
  Melee: Staff             |       |       |     1 |     1 ||     2
   Fire: Sling             |    28 |    19 |     4 |       ||    51
   Cast: Scorch            |    11 |    29 |    55 |    14 ||   109
         Foxfire           |     3 |    10 |    48 |    14 ||    75
         Volatile Blastmot |       |    12 |    28 |     2 ||    42
         Frozen Ramparts   |       |       |     2 |       ||     2
         Flame Wave        |       |       |     1 |     4 ||     5
         Dazzling Flash    |       |       |       |     1 ||     1
         Kiss of Death     |       |       |       |     1 ||     1
 Invoke: Reject Sacrifices |       |       |       |     1 ||     1
 Armour: Robe              |     1 |       |       |       ||     1
         Leather armour    |     1 |     2 |     3 |       ||     6
         Ring mail         |       |       |       |     2 ||     2
  Dodge: Dodged            |     5 |     6 |    10 |     8 ||    29
